 Dungeon Crawl Stone Soup version 0.21.0-24-g2553a33 (webtiles) character file.

20708 Gorglomux the Protected (level 12, -5/112 HPs)
             Began as a Deep Dwarf Fighter on Jan 20, 2018.
             Was a Priest of Makhleb.
             Slain by a skeletal warrior
             ... wielding a +0 battleaxe
             ... led by a skeletal warrior
              (8 damage)
             ... on level 12 of the Dungeon.
             The game lasted 00:09:41 (8828 turns).

Gorglomux the Protected (Deep Dwarf Fighter)        Turns: 8828, Time: 00:09:42

Health: -5/112     AC: 16    Str: 23    XL:     12   Next: 47%
Magic:  7/7        EV: 12    Int: 18    God:    Makhleb [***...]
Gold:   461        SH: 12    Dex: 12    Spells: 11/11 levels left

rFire    . . .     SeeInvis +   L - +5 broad axe of Foogh {freeze, Int+7}
rCold    . . .     Gourm    .   c - +0 shield
rNeg     . . .     Faith    .   u - +0 chain mail
rPois    .         Spirit   .   z - +0 hat {SInv}
rElec    .         Reflect  .   U - scarf {repulsion}
rCorr    .         Harm     .   g - +2 pair of gloves (curse)
MR       +....                  C - +0 pair of boots (curse)
Stlth    ..........             (no amulet)
HPRegen  0.00/turn              s - ring of see invisible
MPRegen  0.10/turn              (no ring)

@: non-regenerating, repel missiles
A: damage resistance, heal wounds, sense surroundings 2, no regeneration
a: Heal Wounds, Minor Destruction, Lesser Servant of Makhleb, Renounce Religion


You were on level 12 of the Dungeon.
You worshipped Makhleb.
Makhleb was most pleased with you.
You were not hungry.

You visited 1 branch of the dungeon, and saw 12 of its levels.

You collected 560 gold pieces.
You spent 99 gold pieces at shops.

Inventory:

Hand Weapons
 H - a +1 war axe of chopping
 L - the +5 broad axe of Foogh (weapon) {freeze, Int+7}
   (You took it off a frost giant on level 11 of the Dungeon)

   It has been specially enchanted to freeze those struck by it, causing extra
   injury to most foes and up to half again as much damage against particularly
   susceptible opponents.
   It can also slow down cold-blooded creatures.
   It affects your intelligence (+7).
 Z - a +0 hand axe of draining
Armour
 c - a +0 shield (worn)
 g - a cursed +2 pair of gloves (worn)
 u - a +0 chain mail (worn)
 z - a +0 hat of see invisible (worn)
 C - a cursed +0 pair of boots (worn)
 U - a scarf of repulsion (worn)
Jewellery
 s - a ring of see invisible (left hand)
Wands
 A - a wand of acid (10)
 D - a wand of digging (24)
 E - a wand of enslavement (12)
 I - a wand of iceblast (10)
 O - a wand of clouds (2)
 P - a wand of paralysis (8)
Scrolls
 r - a scroll of noise
 t - 2 scrolls of blinking {unknown}
 v - 2 scrolls of fog
 x - 9 scrolls of remove curse
 y - 2 scrolls of immolation {unknown}
 J - a scroll of fear {unknown}
 K - a scroll of amnesia {unknown}
 M - 4 scrolls of magic mapping
 R - 6 scrolls of identify
 T - 6 scrolls of teleportation
 W - 2 scrolls of enchant weapon
Potions
 j - 3 potions of cancellation
 n - 3 potions of agility
 o - a potion of resistance
 p - 3 potions of heal wounds
 q - a potion of berserk rage {unknown}
 w - 3 potions of haste
 B - a potion of lignification
 F - a potion of invisibility
 N - 2 potions of mutation {unknown}
 Q - 5 potions of curing
 S - a potion of brilliance {unknown}
 V - a potion of magic {unknown}
Books
 Y - a book of Misfortune

   Spells                             Type                      Level
   a - Confusing Touch                Hexes                        1
   b - Confuse                        Hexes                        3
   c - Gell's Gravitas                Translocation                3
   d - Petrify                        Transmutation/Earth          4
   e - Metabolic Englaciation         Hexes/Ice                    5
   f - Yara's Violent Unravelling     Hexes/Transmutation          5
Miscellaneous
 X - a phial of floods (inert)
Comestibles
 f - 22 rations


   Skills:
 + Level 8.8 Fighting
 + Level 10.1 Axes
 + Level 10.4 Armour
 + Level 9.8 Dodging
 + Level 10.4 Shields
 + Level 8.0 Invocations


You had 11 spell levels left.
You didn't know any spells.

Dungeon Overview and Level Annotations

Branches:
Dungeon (12/15)            Temple (0/1) D:7            Lair (0/6) D:9
    Orc (0/2) D:12

Altars:
Ashenzari
Cheibriados
Dithmenos
Elyvilon
Fedhas
Kikubaaqudgha
Makhleb
Qazlal
Ru
Sif Muna
Uskayaw
Vehumet
Zin

Shops:
D:12 ?

Annotations:
D:3 1 runed door


Innate Abilities, Weirdness & Mutations

You are resistant to damage.
You can heal yourself by infusing magical energy.
You passively map the area around you.
You do not regenerate.


Message History

The skeletal warrior closely misses butt!
You cut the skeletal warrior but do no damage!
The skeletal warrior is heavily damaged!
You block the skeletal warrior's attack!
Butt completely miss the skeletal warrior!
The skeletal warrior is heavily damaged!
The skeletal warrior hits you with a BATTLEAXE!
Your chain mail prevents you from hitting the skeletal warrior!
The skeletal warrior is heavily damaged!
The skeletal warrior hits you with a BATTLEAXE!!!!!! * * * don't die
* * * You cut the skeletal warrior into ribbons!
Butt freeze the skeletal warrior!
The skeletal warrior is heavily damaged!
The skeletal warrior hits you with a BATTLEAXE!!! * * * don't butt
* * * You fail to use your ability!
You fail to use your ability!
The skeletal warrior hits you with a BATTLEAXE!!! rip

,,,, ##, * #........ ,
#. * #........ , ,,
###.#### #........ ,,
#......# #........ , ,
###......### #........
,*
...........#####........
, *
#......#.))..'..)..... ,
#.....z#######.......>
#..?.@.# #.)...... ,, *
##.##### #........ * #
#####'### , #...# * *
###.. , * **,, ,
#######' , , * ,
#....... ,,* , ,
#....... , ** , ,,
#.......


You could see a skeletal warrior.

Vanquished Creatures
  Gastronok (D:11)
  A frost giant (D:11)
  Snorg (D:12)
  Josephine (D:12)
  Fannar (D:12)
  A hydra (D:10)
  The ghost of komo4ek the Shooter, a novice HONe of Beogh (D:9)
  7 skeletal warriors (D:12)
  An unseen horror (D:7)
  Pikel (D:4)
  Joseph (D:10)
  The ghost of Gorglomux the Firebug, a novice OpFE (D:5)
  3 polar bears (D:11)
  Prince Ribbit (D:8)
  Grinder (D:6)
  Sigmund (D:3)
  A vampire (D:9)
  A human (D:7)
  14 yaks
  4 hogs (D:7)
  4 wraiths (D:12)
  A hungry ghost (D:8)
  Grum (D:8)
  A soldier ant (D:12)
  Duvessa (D:5)
  3 ice beasts (D:11)
  2 phantoms
  4 sky beasts
  An eye of draining (D:12)
  3 wolves (D:8)
  A centaur (D:5)
  4 ogres
  A crocodile (D:7)
  5 bullfrogs
  Dowan (D:5)
  2 scorpions
  7 killer bees (D:10)
  4 wights (D:11)
  2 howler monkeys (D:7)
  10 crimson imps
  5 hounds
  A jelly (D:9)
  2 bullfrog skeletons
  3 orc priests
  7 orc wizards
  5 iguanas
  Ijyb (D:3)
  Terence (D:3)
  8 worker ants
  A killer bee zombie (D:8)
  A hound skeleton (D:8)
  8 adders
  A howler monkey skeleton (D:5)
  2 shadow imps
  A white imp (D:4)
  3 oozes (D:2)
  An adder zombie (D:8)
  An adder skeleton (D:4)
  2 worms (D:2)
  4 dart slugs
  A leopard gecko (D:5)
  16 orcs
  5 giant cockroaches
  6 goblins
  A hobgoblin (D:2)
  11 jackals
  3 kobolds
  7 quokkas
  10 bats
  2 frilled lizards
  4 rats
226 creatures vanquished.

Vanquished Creatures (others)
  A jackal (D:4)
  A quokka (D:4)
2 creatures vanquished.

Grand Total: 228 creatures vanquished

Notes
Turn   | Place    | Note
-------+----------+-------------------------------------------
     0 | D:1      | Gorglomux the Deep Dwarf Fighter began the quest for the Orb.
     0 | D:1      | Reached XP level 1. HP: 20/20 MP: 1/1
   238 | D:1      | Reached XP level 2. HP: 24/27 MP: 2/2
   777 | D:2      | Reached skill level 1 in Dodging
   851 | D:2      | Reached XP level 3. HP: 29/33 MP: 3/3
   927 | D:2      | Noticed an ogre
   932 | D:2      | Killed an ogre
   932 | D:2      | Reached skill level 3 in Fighting
   932 | D:2      | Reached skill level 3 in Axes
   932 | D:2      | Reached XP level 4. HP: 25/42 MP: 3/3
  1265 | D:2      | Reached XP level 5. HP: 22/49 MP: 4/4
  1497 | D:3      | Found an ancient bone altar of Kikubaaqudgha.
  1560 | D:3      | Found a glowing drain.
  1639 | D:3      | Noticed Terence
  1655 | D:3      | Killed Terence
  1680 | D:3      | Found a white marble altar of Elyvilon.
  1707 | D:3      | Noticed Sigmund
  1717 | D:3      | Killed Sigmund
  1717 | D:3      | Reached skill level 3 in Dodging
  1717 | D:3      | Reached XP level 6. HP: 37/57 MP: 4/4
  1842 | D:3      | Noticed Ijyb
  1854 | D:3      | Killed Ijyb
  1945 | D:3      | Found a runed door.
  2278 | D:4      | Reached XP level 7. HP: 27/64 MP: 5/5
  2609 | D:4      | Noticed Pikel
  2618 | D:4      | Paralysed by Pikel for 4 turns
  2639 | D:4      | Killed Pikel
  2639 | D:4      | Reached XP level 8. HP: 56/73 MP: 6/6
  3099 | D:5      | Entered Level 5 of the Dungeon
  3170 | D:5      | Found a shattered altar of Ashenzari.
  3273 | D:5      | Reached skill level 6 in Shields
  3297 | D:5      | Noticed Duvessa
  3297 | D:5      | Noticed Dowan
  3315 | D:5      | Killed Duvessa
  3315 | D:5      | Reached skill level 6 in Armour
  3326 | D:5      | Killed Dowan
  3696 | D:5      | Reached skill level 6 in Axes
  3752 | D:5      | Gained mutation: You passively map the area around you. [Deep Dwarf growth]
  3752 | D:5      | Reached XP level 9. HP: 53/81 MP: 7/7
  3796 | D:5      | Noticed Gorglomux's ghost (novice OpFE)
  3806 | D:5      | Killed Gorglomux's ghost
  4137 | D:6      | Noticed Grinder
  4159 | D:6      | Killed Grinder
  4159 | D:6      | Reached skill level 6 in Dodging
  4166 | D:6      | Found a stormy altar of Qazlal.
  4273 | D:6      | Found a blossoming altar of Fedhas.
  4273 | D:6      | Found a burning altar of Makhleb.
  4273 | D:6      | Found a glowing silver altar of Zin.
  4275 | D:6      | Found a shadowy altar of Dithmenos.
  4275 | D:6      | Found a sacrificial altar of Ru.
  4277 | D:6      | Found a snail-covered altar of Cheibriados.
  4278 | D:6      | Found a hide-covered altar of Uskayaw.
  4282 | D:6      | Became a worshipper of Makhleb the Destroyer
  4920 | D:7      | Found a staircase to the Ecumenical Temple.
  4961 | D:7      | Reached skill level 6 in Fighting
  5068 | D:7      | Killed an unseen horror
  5218 | D:7      | Reached XP level 10. HP: 31/92 MP: 8/8
  5729 | D:8      | Reached skill level 1 in Invocations
  5755 | D:8      | Noticed Grum
  5764 | D:8      | Killed Grum
  5982 | D:8      | Found a deep blue altar of Sif Muna.
  6109 | D:8      | Noticed Prince Ribbit
  6129 | D:8      | Killed Prince Ribbit
  6427 | D:9      | Reached * piety under Makhleb
  6431 | D:9      | Found a staircase to the Lair.
  6785 | D:9      | Reached skill level 3 in Invocations
  7090 | D:9      | Noticed komo4ek's ghost (novice HONe)
  7134 | D:9      | HP: 4/94 [komo4ek's ghost/vampiric draining (11)]
  7172 | D:9      | HP: 3/94 [komo4ek's ghost/vampiric draining (17)]
  7178 | D:9      | Killed komo4ek's ghost
  7330 | D:10     | Entered Level 10 of the Dungeon
  7564 | D:10     | Reached XP level 11. HP: 63/100 MP: 8/8
  7617 | D:10     | Noticed a four-headed hydra
  7627 | D:10     | Killed a seven-headed hydra
  7627 | D:10     | Reached skill level 9 in Armour
  7627 | D:10     | Reached skill level 9 in Shields
  7664 | D:10     | Noticed Joseph
  7675 | D:10     | Reached ** piety under Makhleb
  7694 | D:10     | Killed Joseph
  8079 | D:11     | Noticed Gastronok
  8114 | D:11     | Killed Gastronok
  8114 | D:11     | Reached skill level 9 in Axes
  8282 | D:11     | Noticed a frost giant
  8296 | D:11     | Reached skill level 6 in Invocations
  8309 | D:11     | Killed a frost giant
  8309 | D:11     | Reached skill level 9 in Dodging
  8323 | D:11     | Got the broad axe of Foogh {freeze}
  8324 | D:11     | Identified the +5 broad axe of Foogh {freeze, Int+7} (You took it off a frost giant on level 11 of the Dungeon)
  8424 | D:11     | You fall through a shaft!
  8459 | D:12     | Found Itruecua's Magic Scroll Boutique.
  8462 | D:12     | Bought a scroll of noise for 11 gold pieces
  8462 | D:12     | Bought a scroll of fog for 22 gold pieces
  8462 | D:12     | Bought a scroll of teleportation for 33 gold pieces
  8462 | D:12     | Bought a scroll of teleportation for 33 gold pieces
  8474 | D:12     | Found a radiant altar of Vehumet.
  8524 | D:12     | Noticed Fannar
  8530 | D:12     | Noticed Josephine
  8537 | D:12     | Noticed Snorg
  8545 | D:12     | Killed Josephine
  8555 | D:12     | Killed Snorg
  8555 | D:12     | Reached XP level 12. HP: 56/112 MP: 9/9
  8556 | D:12     | Killed Fannar
  8711 | D:12     | Found a staircase to the Orcish Mines.
  8766 | D:12     | Reached *** piety under Makhleb
  8784 | D:12     | HP: 3/112 [skeletal warrior/hand axe[a skeletal warrior] (4)]
  8826 | D:12     | HP: 3/112 [skeletal warrior/battleaxe[a skeletal warrior] (8)]
  8828 | D:12     | Slain by a skeletal warrior

Skill      XL: |  1  2  3  4  5  6  7  8  9 10 11 12 |
---------------+-------------------------------------+-----
Dodging        | 1 2 3 4 5 6 8 9 |  9.8
Fighting       | 3 4 5 6 7 8 |  8.8
Axes           | 3 4 5 6 7 8 9 10 | 10.1
Shields        | 4 5 6 7 8 9 10 | 10.4
Armour         | 4 5 6 7 8 10 | 10.4
Invocations    | 4 7 8 |  8.0

Action                   |  1- 3 |  4- 6 |  7- 9 | 10-12 || total
-------------------------+-------+-------+-------+-------++-------
Melee: War axe           |    87 |    65 |   156 |   564 ||   872
       Hand axe          |       |    73 |   335 |       ||   408
       Broad axe         |       |       |       |   161 ||   161
 Abil: Heal Wounds       |     1 |     2 |     8 |    38 ||    49
Evoke: Wand              |       |       |       |    21 ||    21
       Phial of floods   |       |       |       |     1 ||     1
  Use: Scroll            |     5 |       |       |    13 ||    18
       Potion            |       |       |       |     3 ||     3
  Eat: Chunk             |       |     4 |    11 |    13 ||    28
       Ration            |       |       |       |     1 ||     1
Armor: Scale mail        |    78 |       |       |       ||    78
       Chain mail        |     4 |    40 |   263 |   323 ||   630
Dodge: Dodged            |    37 |    38 |   132 |   288 ||   495
Block: Shield            |    70 |    61 |   250 |   419 ||   800
